 Dungeon Crawl Stone Soup version 0.31-a0-1134-gb247575874 (webtiles) character file.

Game seed: 18087353216335862180

26 kae the Vexing (level 2, -2/20 HPs)
             Began as a Demonspawn Enchanter on Dec 5, 2023.
             Slain by a gnoll
             ... wielding a +1 heavy spear
              (12 damage)
             ... on level 1 of the Dungeon.
             The game lasted 00:00:33 (804 turns).

kae the Vexing (Demonspawn Enchanter)                Turns: 804, Time: 00:00:34

Health: -2/20      AC:  2    Str:  8    XL:     2   Next: 89%
Magic:  1/5        EV: 12    Int: 15    God:
Gold:   9          SH:  0    Dex: 13    Spells: 3/5 levels left

rFire   . . .        a - +1 dagger
rCold   . . .        (no shield)
rNeg    . . .        b - +0 robe
rPois   .            (helmet restricted)
rElec   .            (no cloak)
rCorr   .            (no gloves)
SInv    .            (no boots)
Will    .....        (no amulet)
Stlth   ++           (no ring)
HPRegen 0.23/turn    (no ring)
MPRegen 0.09/turn

%: no passive effects
@: no status effects
A: antennae 1
a: no special abilities


You were on level 1 of the Dungeon.
You visited 1 branch of the dungeon, and saw 1 of its levels.

You collected 9 gold pieces.


Innate Abilities, Weirdness & Mutations

You have a pair of small antennae on your head.


   Skills:
 + Level 0.7 Fighting
 * Level 1.6 Short Blades
 - Level 1.7 Dodging
 * Level 3.0 Stealth
 + Level 2.2 Spellcasting
 + Level 3.1 Hexes


You had 3 spell levels left.
You knew the following spells:

 Your Spells              Type           Power      Damage    Failure   Level
a - Ensorcelled Hibernat  Hex/Ice        12%        N/A       17%         2

Your spell library contained the following spells:

 Spells                   Type           Power      Damage    Failure   Level
 Confusing Touch          Hex            11%        N/A       19%         3
 Tukima's Dance           Hex            11%        N/A       19%         3
 Dazzling Flash           Conj/Hex       12%        N/A       34%         3

Inventory:

Hand Weapons
 a - a +1 dagger (weapon)
Missiles
 d - 7 stones
 k - 3 boomerangs
Armour
 b - a +0 robe (worn)
Jewellery
 P - a ring of poison resistance
   (You found it on level 1 of the Dungeon)
Scrolls
 e - a scroll of enchant armour {unknown}
 f - 2 scrolls of enchant weapon {unknown}
 g - a scroll of vulnerability {unknown}
 i - a scroll of noise {unknown}
 j - a scroll of fog {unknown}
Potions
 c - 2 potions of invisibility
 h - a potion of enlightenment {unknown}

Dungeon Overview and Level Annotations

Branches:
Dungeon (1/15) Zot: 5199

Altars:

#.#.# #.#.#
########...#
########..........#
#........######....
#.######## #....
#.# ####...# #.###
#....... #.@.#
#.##...# ###g#
#.##...#
.########.##...#
................
......)........#
..#######.##...)
..# #.##..†# ..#
#.##...# #.##....


You could see a gnoll.


Message History

The helpless ball python fails to defend itself.
You puncture the ball python!
You kill the ball python!
A kobold is nearby!
A kobold is nearby!
Unknown command.
The kobold shouts!
The kobold closely misses you.
You barely miss the kobold. The kobold barely misses you.
A kobold is nearby!
Casting: Ensorcelled Hibernation (safe; 17% risk of failure)
Confirm with . or Enter, or press ? or * to list all spells.
Aiming: Ensorcelled Hibernation (safe; 17% risk of failure)
Press: ? - help, Shift-Dir - straight line, f - kobold
Aim: a kobold, wielding a +0 dagger and quivering stones (chance to affect: 57%)
You miscast Ensorcelled Hibernation.
You are very lightly contaminated with residual magic.
Nothing appears to happen.
The kobold misses you. 😎 MP[-2]
You lost 2 mp, and now have 3/5 mp.
Casting: Ensorcelled Hibernation (safe; 17% risk of failure)
Confirm with . or Enter, or press ? or * to list all spells.
Aiming: Ensorcelled Hibernation (safe; 17% risk of failure)
Press: ? - help, Shift-Dir - straight line, f/p - kobold
Aim: a kobold, wielding a +0 dagger and quivering stones (chance to affect: 57%)
The kobold looks drowsy... 😎 MP[-2]
You lost 2 mp, and now have 1/5 mp.
The helpless kobold fails to defend itself.
You impale the kobold!!
You kill the kobold!
No target in view!
Your magical contamination has completely faded away.
No target in view!
No target in view!
d - 7 stones (gained 5)
You see here a +0 dagger.
A giant cockroach comes into view. 😎 MP[+4]
Your mp is fully restored (5).
A giant cockroach is nearby!
A giant cockroach is nearby!
A giant cockroach is nearby!
A giant cockroach is nearby!
The helpless giant cockroach fails to defend itself.
You puncture the giant cockroach!
You kill the giant cockroach!
No target in view!
A gnoll comes into view. It is wielding a +1 heavy spear.
The gnoll shouts!
The gnoll misses you.
A gnoll is nearby!
A gnoll is nearby!
You hit the gnoll but do no damage. You barely miss the gnoll.
The gnoll barely misses you.
Casting: Ensorcelled Hibernation (safe; 17% risk of failure)
Confirm with . or Enter, or press ? or * to list all spells.
Aiming: Ensorcelled Hibernation (safe; 17% risk of failure)
Press: ? - help, Shift-Dir - straight line, f - gnoll
Aim: a gnoll, wielding a +1 heavy spear (chance to affect: 49%)
The gnoll resists with some effort.
The gnoll hits you with a +1 heavy spear. 😕 HP[-4] MP[-2]
You take 4 damage, and now have 16/20 hp.
You lost 2 mp, and now have 3/5 mp.
Unknown command.
Casting: Ensorcelled Hibernation (safe; 17% risk of failure)
Confirm with . or Enter, or press ? or * to list all spells.
Aiming: Ensorcelled Hibernation (safe; 17% risk of failure)
Press: ? - help, Shift-Dir - straight line, f/p - gnoll
Aim: a gnoll, wielding a +1 heavy spear (chance to affect: 49%)
The gnoll resists with some effort. 😕 MP[-2]
You lost 2 mp, and now have 1/5 mp.
Unknown command.
Casting: Ensorcelled Hibernation (safe; 17% risk of failure)
Confirm with . or Enter, or press ? or * to list all spells.
You don't have enough magic to cast this spell.
Casting: Ensorcelled Hibernation (safe; 17% risk of failure)
Confirm with . or Enter, or press ? or * to list all spells.
You don't have enough magic to cast this spell.
You hit the gnoll but do no damage.
The gnoll barely misses you. 😕 HP[+1] Unknown command.
You hit the gnoll.
Unknown command.
You hit the gnoll.
The gnoll hits you with a +1 heavy spear!
* * * LOW HITPOINT WARNING * * *
😨 HP[-8]
You take 8 damage, and now have 9/20 hp.
MASSIVE DAMAGE!! (PAUSE)
You hit the gnoll. The gnoll closely misses you.
Unknown command.
You hit the gnoll.
Unknown command.
You closely miss the gnoll.
The gnoll hits you with a +1 heavy spear!
Ouch! That really hurt!
You die...

Skill      XL: |  1  2 |
---------------+-------+-----
Short Blades   | 1 |  1.6
Stealth        | 3 |  3.0
Fighting       | |  0.7
Dodging        | |  1.7
Spellcasting   | |  2.2
Hexes          | |  3.1

Action                     || total
---------------------------++-------
  Melee: Dagger            ||    93
         Punch             ||     1
   Cast: Ensorcelled Hiber ||     3
   Stab: Sleeping          ||     4
 Armour: Robe              ||    37
  Dodge: Dodged            ||    50

Levels and vault maps discovered:
D:1:      kilobyte_arrival_exit_the_forest, layout_loops_ring,
          chequers_serial_rivers_micro_b, minmay_misc_feat_columns,
          minmay_domino_2

Notes
Turn   | Place    | Note
-------+----------+-------------------------------------------
     0 | D:1      | kae the Demonspawn Enchanter began the quest for the Orb.
     0 | D:1      | Reached XP level 1. HP: 13/13 MP: 3/3
     0 | D:1      | magus.rc [v1.11.3]
    91 | D:1      | Reached skill level 1 in Short Blades
   298 | D:1      | Gained mutation: You have a pair of small antennae on your
                  | head. [demonic ancestry]
   298 | D:1      | Reached XP level 2. HP: 19/19 MP: 5/5
   328 | D:1      | Learned a level 2 spell: Ensorcelled Hibernation
   382 | D:1      | HP: 4/20 [jackal (3)]
   500 | D:1      | Reached skill level 3 in Stealth
   804 | D:1      | Slain by a gnoll

Vanquished Creatures
  A ball python (D:1)
  4 endoplasms (D:1)
  A giant cockroach (D:1)
  2 goblins (D:1)
  4 hobgoblins (D:1)
  2 jackals (D:1)
  2 kobolds (D:1)
  2 bats (D:1)
  2 frilled lizards (D:1)
  2 rats (D:1)
22 creatures vanquished.

Table legend:
 A = Non-vault XP
 B = Vault XP
 C = Vault XP percentage of total XP
 D = Non-vault monster count
 E = Vault monster count
 F = Vault count percentage of total count
                 A         B        C        D         E       F
            +---------+---------+-------+---------+---------+-------
      Total |      35 |       3 |   7.9 |      20 |       2 |   9.1
            +---------+---------+-------+---------+---------+-------
        D:1 |      35 |       3 |   7.9 |      20 |       2 |   9.1
            +---------+---------+-------+---------+---------+-------

Skill      XL: |  1  2 |
---------------+-------+-----
Short Blades   | 1 |  1.6
Stealth        | 3 |  3.0
Fighting       | |  0.7
Dodging        | |  1.7
Spellcasting   | |  2.2
Hexes          | |  3.1

Action                     || total
---------------------------++-------
  Melee: Dagger            ||    93
         Punch             ||     1
   Cast: Ensorcelled Hiber ||     3
   Stab: Sleeping          ||     4
 Armour: Robe              ||    37
  Dodge: Dodged            ||    50

Illustrated notes

Table legend:
 A = Kills in this place as a percentage of kills in the entire game.
 B = Kills by you in this place as a percentage of kills by you in the entire game.
 C = Kills by friends in this place as a percentage of kills by friends in the entire game.
 D = Other kills in this place as a percentage of other kills in the entire game.
 E = Experience gained in this place as a percentage of experience gained in the entire game.
 F = Experience gained in this place divided by the number of levels of this place that you have seen.
                   A       B       C       D       E      F
               +-------+-------+-------+-------+-------+----------------------
         Total | 100.0 | 100.0 |   N/A |   N/A | 100.0 |  38.0
       Dungeon | 100.0 | 100.0 |   N/A |   N/A | 100.0 |  38.0
               +-------+-------+-------+-------+-------+----------------------

Table legend: (Time is in decaauts)
 A = Elapsed time spent in this place.
 B = Non-inter-level travel time spent in this place.
 C = Inter-level travel time spent in this place.
 D = Time resting spent in this place.
 E = Time spent auto-exploring this place.
 F = Levels seen in this place.
 G = Mean time per level.
                   A        B        C        D        E       F      G
               +--------+--------+--------+--------+--------+-----+--------+
         Total |    799 |    799 |      0 |      0 |    617 |   1 |  799.0 |
       Dungeon |    799 |    799 |      0 |      0 |    617 |   1 |  799.0 |
               +--------+--------+--------+--------+--------+-----+--------+

Top non-repeatable levels by time:
     D:1: 799 daAuts
